 Dungeon Crawl Stone Soup version 0.30-a0-634-g8abc85282e (webtiles) character file.

Game seed: 1685232252396142945

76 wormed the Insei (level 4, -7/42 HPs)
             Began as an Octopode Transmuter on Jan 15, 2023.
             Killed by divine providence
             ... invoked by an orc priest
              (13 damage)
             ... on level 3 of the Dungeon.
             The game lasted 00:02:53 (2630 turns).

wormed the Insei (Octopode Transmuter)              Turns: 2630, Time: 00:02:54

Health: -7/42      AC: 26    Str:  9    XL:     4   Next: 32%
Magic:  6/7        EV:  2    Int: 17    God:
Gold:   1085       SH:  0    Dex: 12    Spells: 4/7 levels left

rFire   . . .      SeeInvis .      - Unarmed
rCold   . . .      Faith    .    (no shield)
rNeg    . . .      Spirit   .    (helmet currently unavailable)
rPois   +          Reflect  .    (no amulet)
rElec   .          Harm     .    j - +4 ring of protection
rCorr   .          Rampage  .    (no ring)
Will    .....      NoTele   +    (no ring)
Stlth   +                        (no ring)
HPRegen 0.27/turn                (no ring)
MPRegen 0.10/turn                (no ring)
                                 (no ring)
                                 (no ring)

@: confused, tree-form, wereblooded (expiring)
A: stationary, stasis, torment immunity, boosted hp, almost no armour,
(amphibious), 8 rings, (camouflage 1), (gelatinous body 1), (nimble swimmer 1),
(tentacles)
a: no special abilities


You were on level 3 of the Dungeon.
You were a tree.
You visited 1 branch of the dungeon, and saw 4 of its levels.

You collected 1085 gold pieces.

Inventory:

Jewellery
 j - a +4 ring of protection (left branch)
Scrolls
 c - a scroll of teleportation
 d - a scroll of summoning {unknown}
 e - 2 scrolls of amnesia {unknown}
 i - a scroll of identify
Potions
 b - a potion of curing
 f - a potion of flight {unknown}
 g - a potion of resistance {unknown}
 h - 2 potions of haste {unknown}


   Skills:
 + Level 1.5 Fighting
 + Level 2.3 Dodging
 + Level 3.2 Unarmed Combat
 + Level 2.4 Spellcasting
 * Level 3.0 Transmutations
 + Level 1.1 Ice Magic


You had 4 spell levels left.
You knew the following spells:

 Your Spells              Type           Power      Damage    Failure   Level
a - Beastly Appendage     Tmut           24%        N/A       5%          1
b - Wereblood             Tmut           12%        N/A       9%          2

Your spell library contained the following spells:

 Spells                   Type           Power      Damage    Failure   Level
 Spider Form              Tmut/Pois      7%         N/A       30%         3
 Ice Form                 Ice/Tmut       9%         N/A       61%         4


Dungeon Overview and Level Annotations

Branches:
Dungeon (4/15)
 Temple: D:4-7

Altars:
Dithmenos
Kikubaaqudgha

Shops:
D:1 [

Annotations:
D:3 1 runed translucent door, Crazy Yiuf


Innate Abilities, Weirdness & Mutations

You are a tree.
Your roots penetrate the ground, keeping you stationary.
You cannot be teleported.
You are immune to unholy pain and torment.
Your maximum health is greatly increased.
You cannot wear most types of armour.
((You are amphibious.))
You can wear up to eight rings at the same time.
((Your skin changes colour to match your surroundings (Stealth+).))
((Your rubbery body absorbs attacks. (AC +1, EV +1)))
((You are camouflaged when in or above water. (Stealth+)))
((You have tentacles for arms and can constrict up to eight enemies at once.))


Message History

The orc wizard points at you and mumbles some strange words.
You are confused.
You are too confused!
You are too confused!
You are too confused!
You are too confused!
You are too confused!
You are too confused!
You are too confused!
You are too confused!
You are too confused!
You tentacle-slap the orc wizard but do no damage.
You pierce the orc wizard.
The orc wizard is heavily wounded.
You constrict the orc wizard.
The orc wizard hits you with a +1 dagger of freezing.
The orc wizard freezes you.
You bump into the otherworldly statue.
You constrict the orc wizard.
The orc priest looks satisfied for a moment.
The orc wizard closely misses you.
You tentacle-slap the orc wizard.
Your tentacle spike misses the orc wizard.
You squeeze the orc wizard, but do no damage.
The orc wizard is severely wounded.
You constrict the orc wizard.
The orc priest invokes the aid of Beogh against you.
Beogh smites you!
Ouch! That really hurt!
* * * LOW HITPOINT WARNING * * *
The orc wizard hits you but does no damage.
You release your grip on the orc wizard.
The goblin hits you with a +0 dagger.
* * * LOW HITPOINT WARNING * * *
The orc priest looks braver for a moment.
Your tentacle spike disappears.
You turn into a tree.
Your roots penetrate the ground.
The goblin hits you but does no damage.
The orc priest mumbles some strange prayers to Beogh against you.
Beogh smites you!
You die... #. .. ##.#.. ##.... . ..... ... ..8# ....##..+ #...)8### #gooo#

#♣##.# ## #.# .. .#####
####### #.# ... .#....
...)...##.# ### .#.#.#
#.....##.# .#.#.#
##.[...##.#
.#.#.###.........##
.#.#.#............#####
...#.#>#..............#


You could see 2 orc priests, an orc wizard and a goblin.

Vanquished Creatures
  An adder (D:2)
  5 worms
  A dart slug (D:3)
  An orc (D:3)
  4 ball pythons
  3 endoplasms
  4 giant cockroaches
  6 goblins
  3 hobgoblins
  5 kobolds
  3 quokkas (D:3)
  4 bats
  A frilled lizard (D:1)
  6 rats
47 creatures vanquished.

Notes
Turn   | Place    | Note
-------+----------+-------------------------------------------
     0 | D:1      | wormed the Octopode Transmuter began the quest for the Orb.
     0 | D:1      | Reached XP level 1. HP: 13/13 MP: 3/3
   242 | D:1      | Reached XP level 2. HP: 18/18 MP: 3/5
   450 | D:1      | Found Caetum's Antique Armour Shop.
   954 | D:2      | Reached XP level 3. HP: 12/23 MP: 4/6
  1043 | D:2      | You fall into a shaft and drop 2 floors!
  1096 | D:2      | Learned a level 2 spell: Wereblood
  1347 | D:2      | Found a shadowy altar of Dithmenos.
  1938 | D:2      | Identified a scroll of acquirement
  1938 | D:2      | Acquired 886 gold pieces
  2094 | D:3      | Reached skill level 1 in Ice Magic
  2094 | D:3      | Reached XP level 4. HP: 28/28 MP: 3/7
  2265 | D:3      | Found an ancient bone altar of Kikubaaqudgha.
  2518 | D:3      | Found a runed translucent door.
  2519 | D:3      | Noticed Crazy Yiuf
  2630 | D:3      | Killed from afar by an orc priest

Illustrated notes

Levels and vault maps discovered:
D:1:      lemuel_arrival_broad_hall, layout_basic, serial_shops, shop,
          minmay_statues_item
D:2:      layout_loops_cross, basic_altar, dk_vineyard_2, minmay_ruptured
D:3:      layout_loops_corners, mainiacjoe_overflow_alcove_4,
          mainiacjoe_overflow_surrounded_room,
          dreamdust_ecumenical_altar_angels_and_demons, uniq_crazy_yiuf_cottage
D:4:      layout_rooms, mainiacjoe_overflow_six_doors_small,
          minmay_ogre_servants, uniq_edmund, uniq_sigmund, uniq_robin

Skill      XL: |  1  2  3  4 |
---------------+-------------+-----
Ice Magic      | 1 |  1.1
Transmutations | 3 |  3.0
Fighting       | |  1.5
Dodging        | |  2.3
Unarmed Combat | |  3.2
Spellcasting   | |  2.4

Action                   |  1- 3 |  4- 6 || total
-------------------------+-------+-------++-------
Melee: Unarmed           |    75 |    27 ||   102
       Constrict         |    23 |    10 ||    33
       Kick              |    24 |    10 ||    34
       Tentacles         |    12 |     3 ||    15
       Punch             |     3 |     1 ||     4
 Cast: Beastly Appendage |    21 |    10 ||    31
       Wereblood         |    11 |     7 ||    18
  Use: Scroll            |     4 |       ||     4
       Potion            |       |     1 ||     1
 Stab: Sleeping          |     4 |     1 ||     5
Armor: Skin              |     6 |     6 ||    12
Dodge: Dodged            |    36 |    15 ||    51

Table legend: (Time is in decaauts)
 A = Elapsed time spent in this place.
 B = Non-inter-level travel time spent in this place.
 C = Inter-level travel time spent in this place.
 D = Time resting spent in this place.
 E = Time spent auto-exploring this place.
 F = Levels seen in this place.
 G = Mean time per level.
                   A        B        C        D        E       F      G
               +--------+--------+--------+--------+--------+-----+--------+
         Total |   2622 |   2473 |    149 |      0 |   2087 |   4 |  655.5 |
       Dungeon |   2622 |   2473 |    149 |      0 |   2087 |   4 |  655.5 |
               +--------+--------+--------+--------+--------+-----+--------+

Top non-repeatable levels by time:
     D:2: 1012 daAuts
     D:1: 947 daAuts
     D:3: 654 daAuts
     D:4: 7 daAuts
